 Seeded DCSS version 0.29.1-4-g47bece8355 (webtiles) character file.

Game seed: 11464931942491642366 (custom seed)

6 GigaChad the Trooper (level 1, 0/20 HPs)
             Began as a Minotaur Fighter on Dec 5, 2022.
             Slain by a ball python (2 damage)
             ... on level 1 of the Dungeon.
             The game lasted 00:00:11 (84 turns).

GigaChad the Trooper (Minotaur Fighter)               Turns: 84, Time: 00:00:11

Health: 0/20       AC:  7    Str: 20    XL:     1   Next: 75%
Magic:  0/0        EV:  9    Int:  5    God:
Gold:   11         SH:  4    Dex:  9    Spells: 0/0 levels left

rFire   . . .      SeeInvis .   a - +0 war axe
rCold   . . .      Faith    .   c - +0 buckler
rNeg    . . .      Spirit   .   b - +0 scale mail
rPois   .          Reflect  .   (helmet restricted)
rElec   .          Harm     .   (no cloak)
rCorr   .          Rampage  .   (no gloves)
Will    .....                   (no boots)
Stlth   ..........              (no amulet)
HPRegen 0.06/turn               (no ring)
MPRegen 0.07/turn               (no ring)

@: no status effects
A: horns 2, retaliatory headbutt
a: no special abilities


You were on level 1 of the Dungeon.
You visited 1 branch of the dungeon, and saw 1 of its levels.

You collected 11 gold pieces.

Inventory:

Hand Weapons
 a - a +0 war axe (weapon)
Armour
 b - a +0 scale mail (worn)
 c - a +0 buckler (worn)
Potions
 d - a potion of might


   Skills:
 + Level 3.8 Fighting
 + Level 2.5 Axes
 + Level 3.8 Armour
 + Level 3.8 Shields


You couldn't memorise any spells.
You didn't know any spells.
Your spell library was empty.

Dungeon Overview and Level Annotations

Branches:
Dungeon (1/15)

Altars:


Innate Abilities, Weirdness & Mutations

You have a pair of horns on your head.
You reflexively headbutt those who attack you in melee.


Message History

The ball python grabs you. The ball python constricts you.
The jackal bites you but does no damage.
You slash the jackal!
You kill the jackal!
You barely miss the ball python.
A bat comes into view.
The ball python bites you. The ball python constricts you.
The ball python bites you but does no damage.
The ball python constricts you.
You escape the ball python's grasp.
Things that are here:
a jackal corpse; a jackal corpse
Found 7 gold pieces and a scroll labelled XOECRO LOAXUBA.
The bat barely misses you. The kobold hits you with a +0 whip.
The ball python attacks as you move away!
The ball python bites you but does no damage.
The ball python barely misses you. The bat hits you but does no damage.
You block the kobold's attack.
The ball python bites you but does no damage.
The ball python closely misses you. The bat hits you but does no damage.
The kobold hits you with a +0 whip.
* * * LOW HITPOINT WARNING * * *
The ball python attacks as you move away!
The ball python bites you but does no damage.
The bat hits you but does no damage. The kobold barely misses you.
You furiously retaliate!
You headbutt the kobold.
You kill the kobold!
The bat hits you.
* * * LOW HITPOINT WARNING * * *
The ball python closely misses you. You block the ball python's attack.
Things that are here:
a +0 whip; a kobold corpse The ball python attacks as you move away!
You block the ball python's attack. The bat closely misses you.
Things that are here:
a jackal corpse; a jackal corpse The ball python attacks as you move away!
The ball python barely misses you. The bat barely misses you.
The ball python bites you.
You die...

#................#
................# .
................# ?.
#...............##
...#####......#........#>
............###........##
$.......).#.##.........##
#.......S†#.##.........##
........@.#.##..#########
........b.......# #
.........###...##########
..#......# ###>..........
..#......# #####.......
#......# #.......
#......+ +.......
#......# #....... #......
########


You could see a bat and a ball python.

Vanquished Creatures
  A bat (D:1)
  3 jackals (D:1)
  A kobold (D:1)
5 creatures vanquished.

Notes
Turn   | Place    | Note
-------+----------+-------------------------------------------
     0 | D:1      | GigaChad the Minotaur Fighter began the quest for the Orb.
     0 | D:1      | Reached XP level 1. HP: 19/19 MP: 0/0
    84 | D:1      | Slain by a ball python

Illustrated notes

Levels and vault maps discovered:
D:1:      amcnicky_arrival_choice, layout_basic, serial_shops,
          nicolae_shop_behind_doors, nicolae_shop_unique_rings,
          minmay_misc_feat_secret_circle

Action                   || total
-------------------------++-------
Melee: War axe           ||     6
       Headbutt          ||     2
Armor: Scale mail        ||    22
Dodge: Dodged            ||    17
Block: Buckler           ||     8
